 Dungeon Crawl Stone Soup version 0.20.1-1-g8b1a95d (console) character file.

138 bli the Skirmisher (level 5, -1/46 HPs)
             Began as a Draconian Fighter on Aug 8, 2017.
             Was a Follower of Qazlal.
             Killed by nerve-wracking pain
             ... invoked by Grinder
              (9 damage)
             ... on level 3 of the Dungeon.
             The game lasted 00:08:01 (2302 turns).

bli the Skirmisher (Draconian Fighter)              Turns: 2302, Time: 00:08:01

Health: -1/46      AC:  5    Str: 18    XL:     5   Next: 1%
Magic:  5/5        EV: 16    Int:  8    God:    Qazlal [*.....]
Gold:   120        SH: 11    Dex: 17    Spells: 4/4 levels left

rFire    . . .     SeeInvis .   a - +0 long sword
rCold    . . .     Gourm    .   b - +0 shield
rNeg     . . .     Faith    .   (armour unavailable)
rPois    .         Spirit   .   (helmet restricted)
rElec    .         Reflect  .   (no cloak)
rCorr    .         Harm     .   (no gloves)
MR       .....                  (no boots)
Stlth    ++........             (no amulet)
Regen    0.2/turn               (no ring)
MPRegen  0.1/turn               (no ring)

@: agile
A: unfitting armour, cold-blooded, AC +5
a: Renounce Religion


You were on level 3 of the Dungeon.
You worshipped Qazlal.
Qazlal was aware of your devotion.
You were not hungry.

You visited 1 branch of the dungeon, and saw 3 of its levels.

You collected 120 gold pieces.

Inventory:

Hand Weapons
 a - a +0 long sword (weapon)
Missiles
 h - 67 stones (quivered)
Armour
 b - a +0 shield (worn)
Wands
 s - a wand of polymorph (7/24)
Scrolls
 j - 2 scrolls of identify {unknown}
 m - a scroll of magic mapping {unknown}
 o - a scroll of immolation {unknown}
 p - 2 scrolls of remove curse {unknown}
 q - a scroll of recharging {unknown}
 r - a scroll of teleportation {unknown}
Potions
 c - 2 potions of might
 e - 2 potions of curing {unknown}
 f - a potion of berserk rage {unknown}
 i - a potion of resistance {unknown}
 k - a potion of invisibility {unknown}
 n - 2 potions of agility
 t - a potion of degeneration {unknown}
Comestibles
 d - a bread ration
 g - 3 meat rations
 l - 4 chunks of flesh


   Skills:
 * Level 4.1 Fighting
 + Level 3.1 Long Blades
 + Level 3.2 Dodging
 * Level 4.1 Shields


You had 4 spell levels left.
You didn't know any spells.

Dungeon Overview and Level Annotations

Branches:
Dungeon (3/15)

Altars:
Cheibriados
Dithmenos
Qazlal
Zin
The Shining One

Annotations:
D:3 Grinder


Innate Abilities, Weirdness & Mutations

Your plain brown scales are hard. (AC +5)
You cannot fit into any form of body armour.
You are cold-blooded and may be slowed by cold attacks.


Message History

Grinder gestures at you.
You suddenly lose the ability to move!
Grinder gestures at you. Pain shoots through your body!
* * * LOW HITPOINT WARNING * * *
Grinder blinks!
You can move again.
It was a potion of agility.
You feel agile all of a sudden. Grinder gestures at you.
You resist with significant effort. Grinder gestures at you.
You barely resist.
Your shield prevents you from hitting Grinder.
Grinder is severely wounded.
Grinder misses you.
You riposte.
You closely miss Grinder.
Grinder is severely wounded.
Grinder gestures at you. Pain shoots through your body!
You die...

. # .. .#
#.############.#.
#..........#.....
..##.............#
.................#
................#
#.#.#.#.#.#.#.#...
..........5@..#..
...#.#.#...#.#.# .
.....#...........
#..#.#.....#.#.#
####......#.......#
.....#..#.##....#.#
#.................#
#.#......#.#.#.#..#
.#####.#.........#.....
......รท....#....#.#.
.#####.#.######.....


You could see Grinder.

Vanquished Creatures
  Ijyb (D:3)
  A gnoll (D:1)
  An adder (D:3)
  An ooze (D:2)
  4 worms (D:2)
  A dart slug (D:1)
  3 ball pythons
  3 giant cockroaches
  8 goblins
  9 hobgoblins
  7 jackals (D:2)
  2 quokkas (D:2)
  11 bats
  2 frilled lizards
  10 kobolds
  7 rats
71 creatures vanquished.

Notes
Turn   | Place    | Note
-------+----------+-------------------------------------------
     0 | D:1      | bli the Draconian Fighter began the quest for the Orb.
     0 | D:1      | Reached XP level 1. HP: 19/19 MP: 1/1
   126 | D:1      | Reached XP level 2. HP: 26/26 MP: 2/2
   420 | D:1      | Reached XP level 3. HP: 12/33 MP: 3/3
   902 | D:2      | Found a snail-covered altar of Cheibriados.
  1090 | D:2      | Found a glowing silver altar of Zin.
  1090 | D:2      | Found a stormy altar of Qazlal.
  1097 | D:2      | Became a worshipper of Qazlal Stormbringer
  1228 | D:2      | Reached XP level 4. HP: 40/40 MP: 4/4
  1256 | D:2      | Found a glowing golden altar of the Shining One.
  1361 | D:2      | Found a shadowy altar of Dithmenos.
  1384 | D:2      | Reached * piety under Qazlal
  1838 | D:3      | Noticed Grinder
  1884 | D:3      | Noticed Ijyb
  1920 | D:3      | Killed Ijyb
  2268 | D:3      | Reached XP level 5. HP: 46/46 MP: 5/5
  2279 | D:3      | Paralysed by Grinder for 5 turns
  2297 | D:3      | Paralysed by Grinder for 3 turns
  2302 | D:3      | Killed from afar by Grinder

Skill      XL: |  1  2  3  4 |
---------------+-------------+-----
Dodging        | 3 |  3.2
Fighting       | 4 |  4.1
Long Blades    | 3 |  3.1
Shields        | 4 |  4.1

Action                   |  1- 3 |  4- 6 || total
-------------------------+-------+-------++-------
Melee: Long sword        |   122 |    82 ||   204
       Tailslap          |    13 |    16 ||    29
       Unarmed           |       |    15 ||    15
  Use: Potion            |       |     1 ||     1
  Eat: Chunk             |     1 |     4 ||     5
Armor: Skin              |    51 |    23 ||    74
Dodge: Dodged            |    50 |    27 ||    77
Block: Shield            |    65 |    42 ||   107
       Other             |       |     1 ||     1
       Rpst.: Long sword |    21 |    10 ||    31
